 Dungeon Crawl Stone Soup version 0.26-a0-658-gbdda728c12 (webtiles) character file.

Game seed: 4064790093009124491

11 flotson the Vexing (level 2, -5/19 HPs)
             Began as a Mummy Enchanter on Oct 4, 2020.
             Slain by a gnoll
             ... wielding a +0 whip
              (8 damage)
             ... on level 1 of the Dungeon.
             The game lasted 00:01:01 (547 turns).

flotson the Vexing (Mummy Enchanter)                 Turns: 547, Time: 00:01:02

Health: -5/19      AC:  2    Str: 11    XL:     2   Next: 13%
Magic:  3/5        EV: 12    Int: 14    God:
Gold:   17         SH:  0    Dex: 12    Spells: 3/6 levels left

rFire    x . .     SeeInvis .   a - +1 dagger
rCold    + . .     Faith    .   (no shield)
rNeg     + + +     Spirit   .   b - +0 robe
rPois    ∞         Reflect  .   (no helmet)
rElec    .         Harm     .   (no cloak)
rCorr    .         Rampage  .   (no gloves)
MR       .....                  (no boots)
Stlth    ++........             (no amulet)
HPRegen  0.06/turn              (no ring)
MPRegen  0.09/turn              (no ring)

@: no status effects
A: no potions, fire vulnerability, cold resistance 1, negative energy resistance
3, torment resistance, unbreathing
a: no special abilities


You were on level 1 of the Dungeon.
You visited 1 branch of the dungeon, and saw 1 of its levels.

You collected 17 gold pieces.

Inventory:

Hand Weapons
 a - a +1 dagger (weapon)
Missiles
 d - 12 poisoned darts (quivered)
Armour
 b - a +0 robe (worn)
Scrolls
 c - a scroll of enchant armour {unknown}


   Skills:
 + Level 0.9 Short Blades
 + Level 1.6 Dodging
 + Level 2.6 Stealth
 + Level 2.7 Spellcasting
 + Level 3.0 Hexes


You had 3 spell levels left.
You knew the following spells:

 Your Spells              Type           Power        Failure   Level
a - Corona                Hex            ##.....      6%          1
b - Ensorcelled Hibernat  Hex/Ice        #.....       19%         2

Your spell library contained the following spells:

 Spells                   Type           Power        Failure   Level
 Confusing Touch          Hex            ##......     19%         3
 Tukima's Dance           Hex            ##......     19%         3
 Dazzling Flash           Conj/Hex       #.....       34%         3


Dungeon Overview and Level Annotations

Branches:
Dungeon (1/15)

Altars:


Innate Abilities, Weirdness & Mutations

You do not drink.
Your flesh is vulnerable to fire.
You are immune to poison.
Your flesh is cold resistant. (rC+)
You are immune to negative energy. (rN+++)
You are immune to unholy pain and torment.
You can survive without breathing.


Message History

Aim: a gnoll, wielding a +0 whip (chance to defeat MR: 54%)
The bat is outlined in light.
The bat hits you. x2
You hit the bat.
The bat is moderately wounded.
The bat barely misses you. The bat closely misses you.
You hit the bat.
You kill the bat!
You hit the gnoll.
The gnoll is lightly wounded.
The gnoll hits you with a +0 whip!
Unknown command.
Casting: Corona (safe; 6% risk of failure)
Confirm with . or Enter, or press ? or * to list all spells.
Aiming: Corona (safe; 6% risk of failure)
Press: ? - help, Shift-Dir - straight line, f/p - gnoll
Aim: a gnoll, wielding a +0 whip (chance to defeat MR: 54%)
The gnoll is outlined in light.
The gnoll hits you with a +0 whip.
* * * LOW HITPOINT WARNING * * *
You hit the gnoll but do no damage. The gnoll hits you with a +0 whip!
You die...

#####
#.###.#.#################
#.........g@............#
#.###.#.###############.#
#.............. #)#
#####......?... #.####
....#..####.# #.....
####.#..# #..... ..#..#
#..... .. #..# #..... ...
#..# .....####


You could see a gnoll (corona).

Vanquished Creatures
  A dart slug (D:1)
  2 goblins (D:1)
  A hobgoblin (D:1)
  2 kobolds (D:1)
  A bat (D:1)
  A frilled lizard (D:1)
  A rat (D:1)
9 creatures vanquished.

Notes
Turn   | Place    | Note
-------+----------+-------------------------------------------
     0 | D:1      | flotson the Mummy Enchanter began the quest for the Orb.
     0 | D:1      | Reached XP level 1. HP: 13/13 MP: 4/4
   493 | D:1      | Reached skill level 3 in Hexes
   493 | D:1      | Reached XP level 2. HP: 19/19 MP: 3/5
   497 | D:1      | Learned a level 2 spell: Ensorcelled Hibernation
   547 | D:1      | Slain by a gnoll

Illustrated notes

Levels and vault maps discovered:
D:1:      erik_arrival_cave_to_civilisation [erik_arrival_cave_to_temple],
          layout_basic

Skill      XL: |  1 |
---------------+----+-----
Hexes          | 3 |  3.0
Short Blades   | |  0.9
Dodging        | |  1.6
Stealth        | |  2.6
Spellcasting   | |  2.7

Action                   || total
-------------------------++-------
Melee: Dagger            ||    33
 Cast: Corona            ||     5
 Stab: Sleeping          ||     3
Armor: Robe              ||     6
Dodge: Dodged            ||    22

Table legend: (Time is in decaauts)
 A = Elapsed time spent in this place.
 B = Non-inter-level travel time spent in this place.
 C = Inter-level travel time spent in this place.
 D = Time resting spent in this place.
 E = Time spent auto-exploring this place.
 F = Levels seen in this place.
 G = Mean time per level.
                   A        B        C        D        E       F      G
               +--------+--------+--------+--------+--------+-----+--------+
         Total |    545 |    545 |      0 |    155 |    304 |   1 |  545.0 |
       Dungeon |    545 |    545 |      0 |    155 |    304 |   1 |  545.0 |
               +--------+--------+--------+--------+--------+-----+--------+

Top non-repeatable levels by time:
     D:1: 545 daAuts
